 Seeded DCSS version 0.30.1-9-gdf580d7c3d (webtiles) character file.

Game seed: 920673320228942481 (custom seed)

8 Psyclone the Conjurer (level 2, 17/17 HPs)
             Began as an Octopode Conjurer on Oct 10, 2023.
             Quit the game on level 1 of the Dungeon.
             The game lasted 00:03:16 (1259 turns).

Psyclone the Conjurer (Octopode Conjurer)           Turns: 1259, Time: 00:03:16

Health: 17/17      AC:  4    Str:  6    XL:     2   Next: 8%
Magic:  5/5        EV: 12    Int: 20    God:
Gold:   47         SH:  5    Dex: 12    Spells: 4/5 levels left

rFire   . . .        (no weapon)
rCold   . . .        f - +2 buckler {AC+3}
rNeg    + . .        (helmet restricted)
rPois   .            (no amulet)
rElec   .            c - ring of wizardry
rCorr   .            e - ring "Posm" {Fly rN+ Dex+2}
SInv    .            (no ring)
Will    .....        (no ring)
Stlth   +++          (no ring)
HPRegen 0.22/turn    (no ring)
MPRegen 0.09/turn    (no ring)
                     (no ring)

%: wizardry (x1)
@: flying
A: almost no armour, amphibious, 8 rings, camouflage 1, gelatinous body 1,
(nimble swimmer 1), tentacles
a: no special abilities


You were on level 1 of the Dungeon.
You visited 1 branch of the dungeon, and saw 1 of its levels.

You collected 47 gold pieces.

Inventory:

Armour
 f - a +2 buckler of protection (worn)
Jewellery
 c - a ring of wizardry (left tentacle)
 e - the ring "Posm" (right tentacle) {Fly rN+ Dex+2}
   (You acquired it on level 1 of the Dungeon)

   [ring of positive energy]

   Dex:       It affects your dexterity (+2).
   rN:        It protects you from negative energy.
   Fly:       It grants you flight.
Potions
 a - a potion of magic
 b - a potion of mutation {unknown}
 d - a potion of resistance {unknown}


   Skills:
 - Level 2.0 Dodging
 - Level 2.6 Stealth
 - Level 2.0 Spellcasting
 + Level 4.4 Conjurations


You had 4 spell levels left.
You knew the following spells:

 Your Spells              Type           Power      Damage    Failure   Level
a - Magic Dart            Conj           76%        1d6       1%          1

Your spell library contained the following spells:

 Spells                   Type           Power      Damage    Failure   Level
 Searing Ray              Conj           38%        2d5       2%          2
 Dazzling Flash           Conj/Hex       20%        N/A       14%         3
 Fulminant Prism          Conj/Hex       5%         3d7       41%         4
 Iskenderun's Mystic Bla  Conj/Tloc      10%        2d4       41%         4


Dungeon Overview and Level Annotations

Branches:
Dungeon (1/15) Zot: 4742

Altars:


Innate Abilities, Weirdness & Mutations

You cannot wear most types of armour.
You are amphibious.
You can wear up to eight rings at the same time.
Your skin changes colour to match your surroundings (Stealth+).
Your rubbery body absorbs attacks. (AC +1, EV +1)
((You are camouflaged when in or above water. (Stealth+)))
You have tentacles for arms and can constrict up to eight enemies at once.


Message History

Confirm with . or Enter, or press ? or * to list all spells.
Aiming: Magic Dart (safe; 1% risk of failure)
Press: ? - help, Shift-Dir - straight line, f - goblin
Aim: a goblin, wielding a +0 club (asleep, 100% to hit)
The magic dart hits the goblin.
The goblin is moderately wounded.
The goblin shouts!
You now have 4/5 mp.
Casting: Magic Dart (safe; 1% risk of failure)
Confirm with . or Enter, or press ? or * to list all spells.
Aiming: Magic Dart (safe; 1% risk of failure)
Press: ? - help, Shift-Dir - straight line, f/p - goblin
Aim: a goblin, wielding a +0 club (moderately wounded, 100% to hit)
The magic dart hits the goblin.
You kill the goblin!
You now have 3/5 mp.
Casting: Magic Dart (safe; 1% risk of failure)
Confirm with . or Enter, or press ? or * to list all spells.
You can't see any susceptible monsters within range! (Use Z to cast anyway.) Unknown command.
You see here a +0 club.
Found a scroll labelled ZYEMITRUNA.
MP restored: 5 You see here a +0 club.
You see here a smoky amethyst potion.
There is an open door here.
Done exploring.
Search for what [? for help]?
Okay, then.
Search for what [? for help]? .
There is an open door here.
There is an open door here.
There is an open door here.
You see here a +0 leather armour.
You see here a +0 scale mail.
You see here 11 gold pieces.
You now have 47 gold pieces (gained 11).
Unknown command.
Unknown command.
Are you sure you want to abandon this character and quit the game? (Confirm with "yes".)

..>########.#######.#
............#..#..#.#
#############..##.#.#
##### #..##.#.# ....#
#..##.#.# ....#
#..##.#.# ....#
#.....#.# ....#
#####.####.# ....#
#......@...# ....#
#.###.####### ....#
#.#.........# ....#
#.#.#.####.## ....#
#.#.#......# ....#
#.#.######### #####
#.#.........# #
#.########.## # #.#
#.#


There were no monsters in sight!

Vanquished Creatures
  A dart slug (D:1)
  3 ball pythons (D:1)
  A goblin (D:1)
  A bat (D:1)
  A rat (D:1)
7 creatures vanquished.

Notes
Turn   | Place    | Note
-------+----------+-------------------------------------------
     0 | D:1      | Psyclone the Octopode Conjurer began the quest for the Orb.
     0 | D:1      | Reached XP level 1. HP: 11/11 MP: 3/3
   592 | D:1      | Identified 3 scrolls of acquirement
   592 | D:1      | Acquired a +2 buckler of protection
   593 | D:1      | Acquired a staff of cold
   594 | D:1      | Acquired the ring "Posm" {Fly rN+ Dex+2}
   661 | D:1      | Reached XP level 2. HP: 17/17 MP: 3/5
  1259 | D:1      | Quit the game

Illustrated notes

Levels and vault maps discovered:
D:1:      dpeg_arrival_orchard, layout_basic

Action                     || total
---------------------------++-------
   Cast: Magic Dart        ||    12
    Use: Scroll            ||     3
